 Dungeon Crawl Stone Soup version 0.20-b1 (webtiles) character file.

61 MTVSty1e the Chopper (level 3, -3/29 HPs)
             Began as a Demonspawn Gladiator on May 18, 2017.
             Slain by a worm (12 damage)
             ... on level 2 of the Dungeon.
             The game lasted 00:02:29 (1500 turns).

MTVSty1e the Chopper (Demonspawn Gladiator)         Turns: 1500, Time: 00:02:30

Health: -3/29      AC: 11    Str: 15    XL:     3   Next: 83%
Magic:  3/3        EV:  5    Int:  9    God:
Gold:   77         SH:  0    Dex: 14    Spells: 2/2 levels left

rFire    . . .     SeeInvis .   a - +0 war axe
rCold    . . .     Gourm    +   (no shield)
rNeg     . . .     Faith    .   o - +0 plate armour
rPois    .         Spirit   .   c - +0 helmet
rElec    .         Reflect  .   (no cloak)
rCorr    .         Harm     .   (no gloves)
MR       +....                  (no boots)
Stlth    ..........             p - amulet of the gourmand
Regen    0.1/turn               m - ring of protection from magic
MPRegen  0.1/turn               (no ring)

@: no status effects
A: hooves 1
a: no special abilities


You were on level 2 of the Dungeon.
You were not hungry.

You visited 1 branch of the dungeon, and saw 2 of its levels.

You collected 77 gold pieces.

Inventory:

Hand Weapons
 a - a +0 war axe (weapon)
Missiles
 d - 3 throwing nets (quivered)
Armour
 c - a +0 helmet (worn)
 o - a +0 plate armour (worn)
Jewellery
 m - a ring of protection from magic (left hand)
 p - an amulet of the gourmand (around neck)
Scrolls
 b - a scroll of remove curse {unknown}
 e - 2 scrolls of identify {unknown}
 h - 3 scrolls of enchant weapon {unknown}
 j - a scroll of random uselessness {unknown}
 q - a scroll of amnesia {unknown}
 t - 2 scrolls of fear {unknown}
Potions
 g - a potion of magic {unknown}
 k - 2 potions of degeneration {unknown}
 l - a potion of berserk rage {unknown}
 n - a potion of mutation {unknown}
 r - a potion of brilliance {unknown}
 s - a potion of curing {unknown}
Comestibles
 f - a bread ration
 i - 6 fruits


   Skills:
 * Level 3.0 Fighting
 + Level 3.2 Axes
 - Level 1.7 Throwing
 + Level 1.0 Armour
 + Level 3.0 Dodging


You had 2 spell levels left.
You didn't know any spells.

Dungeon Overview and Level Annotations

Branches:
Dungeon (2/15)

Altars:
Sif Muna
Trog

Annotations:
D:2 1 runed door


Innate Abilities, Weirdness & Mutations

You have large cloven feet.


Message History

Your plate armour prevents you from hitting the worm.
The worm is heavily wounded.
The worm bites you!
Your plate armour prevents you from hitting the worm.
You kick the worm, but do no damage.
The worm is heavily wounded.
The worm bites you but does no damage.
You hit the worm but do no damage.
The worm is heavily wounded.
The worm bites you but does no damage.
You hit the worm.
The worm is heavily wounded.
The worm bites you.
You are too injured to fight recklessly!
You are too injured to fight recklessly!
You are too injured to fight recklessly!
You hit the worm. You kick the worm, but do no damage.
The worm is severely wounded.
The worm bites you!
You die...

###### ###....# ##...##.#
##..####.#### #..##.......##
#.##.........## #.#...........#
#.#....###@w..# #.#...##y##...#
#.#....###....# #.##.........##
#####.##)..._....#
#.....###.)....)##
#.#########.).################
##.# #....#######.............#
##..###.##........#######...####


You could see a moth of wrath and a worm (berserk).

Vanquished Creatures
  An ooze (D:1)
  3 dart slugs
  A ball python (D:2)
  3 bats (D:2)
  2 giant cockroaches (D:1)
  6 goblins
  7 hobgoblins
  7 jackals
  2 frilled lizards (D:2)
  6 kobolds
  8 rats
46 creatures vanquished.

Notes
Turn   | Place    | Note
-------+----------+-------------------------------------------
     0 | D:1      | MTVSty1e the Demonspawn Gladiator began the quest for the Orb.
     0 | D:1      | Reached XP level 1. HP: 16/16 MP: 1/1
   252 | D:1      | Gained mutation: You have large cloven feet. [demonic ancestry]
   252 | D:1      | Reached XP level 2. HP: 22/22 MP: 2/2
   413 | D:1      | Reached skill level 1 in Armour
   694 | D:1      | Reached XP level 3. HP: 28/28 MP: 3/3
  1308 | D:2      | Found a deep blue altar of Sif Muna.
  1371 | D:2      | Found a runed door.
  1482 | D:2      | Noticed a moth of wrath
  1485 | D:2      | Found a bloodstained altar of Trog.
  1500 | D:2      | Slain by a worm

Skill      XL: |  1  2  3 |
---------------+----------+-----
Dodging        | 3 |  3.0
Armour         | 1 |  1.0
Axes           | 3 |  3.2
Fighting       | 3 |  3.0
Throwing       | |  1.7

Action                   || total
-------------------------++-------
Melee: War axe           ||   130
       Kick              ||    21
  Eat: Bread ration      ||     1
Armor: Leather armour    ||     4
       Chain mail        ||    10
       Plate armour      ||   115
Dodge: Dodged            ||    58
